 Dungeon Crawl Stone Soup version 0.23.2-33-g5129a83184 (webtiles) character file.

Game seed: 16192136867904436483

74 DildoBatman the Conjurer (level 4, -2/30 HPs)
             Began as a Formicid Wizard on July 3, 2019.
             Slain by a quokka (3 damage)
             ... on level 2 of the Dungeon.
             The game lasted 00:03:25 (1647 turns).

DildoBatman the Conjurer (Formicid Wizard)          Turns: 1647, Time: 00:03:25

Health: -2/30      AC:  3    Str: 12    XL:     4   Next: 52%
Magic:  8/8        EV: 12    Int: 18    God:
Gold:   93         SH:  0    Dex:  9    Spells: 2/9 levels left

rFire    . . .     SeeInvis +   e - +0 dagger (drain)
rCold    . . .     Gourm    .   (no shield)
rNeg     . . .     Faith    .   a - +0 robe
rPois    .         Spirit   .   (helmet unavailable)
rElec    .         Reflect  .   (no cloak)
rCorr    .         Harm     .   (no gloves)
MR       .....                  g - +0 pair of boots
Stlth    ++........             (no amulet)
HPRegen  0.10/turn              (no ring)
MPRegen  0.11/turn              (no ring)

@: no status effects
A: permanent stasis, dig shafts and tunnels, four strong arms, antennae 3
a: Dig, Shaft Self


You were on level 2 of the Dungeon.
You were hungry.

You visited 1 branch of the dungeon, and saw 2 of its levels.

You collected 93 gold pieces.

Inventory:

Hand Weapons
 e - a +0 dagger of draining (weapon)
Missiles
 c - 17 poisoned needles
 h - 36 sling bullets
 j - 23 arrows
 l - 11 stones (quivered)
Armour
 a - a +0 robe (worn)
 g - a +0 pair of boots (worn)
Scrolls
 d - a scroll of remove curse {unknown}
 k - a scroll of teleportation {unknown}
 n - a scroll of fog {unknown}
Potions
 f - 2 potions of curing {unknown}
 i - a potion of cancellation {unknown}
 m - 3 potions of lignification {unknown}
Comestibles
 b - 5 chunks of flesh
 v - 3 rations


   Skills:
 - Level 1.7 Dodging
 - Level 2.4 Stealth
 - Level 3.2 Spellcasting
 * Level 3.6 Conjurations
   Level 1.0 Summonings
   Level 0.8 Translocations


You had 2 spell levels left.
You knew the following spells:

 Your Spells              Type           Power        Failure   Level  Hunger
a - Conjure Flame         Conj/Fire      #.......     22%         3    ###....
c - Magic Dart            Conj           ###.         3%          1    None
e - Mephitic Cloud        Conj/Pois/Air  #.......     28%         3    ###....

Your spell library contained the following spells:

 Spells                   Type           Power        Failure   Level  Hunger
 Call Imp                 Summ           #.......     16%         2    ##.....
 Slow                     Hex            #.......     24%         2    ##.....
 Blink                    Tloc           Unusable     N/A         2    N/A

Dungeon Overview and Level Annotations

Branches:
Dungeon (2/15)

Altars:
Dithmenos
Elyvilon
Fedhas

Annotations:
D:1 Terence
D:2 1 exclusion


Innate Abilities, Weirdness & Mutations

You cannot be hasted, slowed, berserked, paralysed or teleported.
You can dig through walls and to a lower floor.
Your four strong arms can wield two-handed weapons with a shield.
You have a pair of large antennae on your head. (SInv)


Message History

r - Retreat! s - Stop attacking. g - Guard the area. f - Follow me.
Anything else - Cancel.
You shout for attention!
The bat closely misses you. The bat misses you. The quokka closely misses you.
The leopard gecko barely misses you. What are your orders? t - Shout!
Orders for allies: a - Attack new target. r - Retreat! s - Stop attacking. g - Guard the area. f - Follow me.
Anything else - Cancel.
You shout for attention!
The bat hits you but does no damage. The quokka barely misses you.
The leopard gecko closely misses you. The quokka bites you.
You die...

#.##..##
###########.#.###.#
#....## ...##
#.#.....# ####.
###.... ..###.### #
#. #(....#######.#
. #. ###.....# #..#
. ........#
####.#### .#
#.....# #.......#
##
#...rl###.##.##.#
#@b##.##.# {#
######.#.##..#
...{.>......#.#
####..######### {
#.. { { ... .##.
### . # ... {


You could see a leopard gecko, a quokka and a bat.

Vanquished Creatures
  Natasha (D:2)
  3 leopard geckos
  8 bats
  A giant cockroach (D:2)
  6 goblins
  6 hobgoblins
  3 jackals (D:1)
  3 kobolds (D:1)
  A quokka (D:2)
  A ball python (D:1)
  A frilled lizard (D:2)
  7 rats
41 creatures vanquished.

Notes
Turn   | Place    | Note
-------+----------+-------------------------------------------
     0 | D:1      | DildoBatman the Formicid Wizard began the quest for the
                  | Orb.
     0 | D:1      | Reached XP level 1. HP: 13/13 MP: 4/4
    39 | D:1      | Reached skill level 1 in Conjurations
   190 | D:1      | Reached XP level 2. HP: 19/19 MP: 1/6
   481 | D:1      | Reached XP level 3. HP: 24/24 MP: 0/7
   492 | D:1      | Learned a level 3 spell: Conjure Flame
   496 | D:1      | Learned a level 3 spell: Mephitic Cloud
  1168 | D:2      | Noticed Terence
  1488 | D:2      | Reached XP level 4. HP: 27/30 MP: 5/8
  1575 | D:2      | Found a shadowy altar of Dithmenos.
  1577 | D:2      | Found a blossoming altar of Fedhas.
  1579 | D:2      | Found a white marble altar of Elyvilon.
  1599 | D:2      | Noticed Natasha
  1615 | D:2      | Killed Natasha
  1645 | D:2      | HP: 1/30 [quokka (5)]
  1647 | D:2      | Slain by a quokka

Skill      XL: |  1  2  3 |
---------------+----------+-----
Conjurations   | 1 2 3 |  3.6
Dodging        | |  1.7
Stealth        | |  2.4
Spellcasting   | |  3.2
Summonings     | |  1.0
Translocations | |  0.8

Action                   |  1- 3 |  4- 6 || total
-------------------------+-------+-------++-------
Melee: Unarmed           |     1 |       ||     1
       Dagger            |    69 |    16 ||    85
 Cast: Magic Dart        |    41 |       ||    41
       Mephitic Cloud    |     1 |       ||     1
 Abil: Dig               |       |     2 ||     2
 Stab: Sleeping          |     2 |       ||     2
  Eat: Chunk             |     2 |       ||     2
Armor: Robe              |    14 |    15 ||    29
Dodge: Dodged            |    55 |    42 ||    97
